 Dungeon Crawl Stone Soup version 0.24.0-123-gd5b16e6ec5 (webtiles) character file.

Game seed: 10248236065398010576, levelgen mode: deterministic

43 Elellon the Ruffian (level 3, 0/36 HPs)
             Began as a Troll Berserker on Dec 31, 2019.
             Was a Believer of Trog.
             Slain by an orc warrior
             ... wielding a +0 trident
              (14 damage)
             ... on level 2 of the Dungeon.
             The game lasted 00:04:38 (825 turns).

Elellon the Ruffian (Troll Berserker)                Turns: 825, Time: 00:04:38

Health: 0/36       AC:  6    Str: 26    XL:     3   Next: 37%
Magic:  2/2        EV: 10    Int:  3    God:    Trog [**....]
Gold:   77         SH:  0    Dex:  9    Spells: 2/2 levels left

rFire    . . .     SeeInvis .     - Unarmed
rCold    . . .     Gourm    +   (no shield)
rNeg     . . .     Faith    .   a - +0 animal skin
rPois    .         Spirit   .   (helmet restricted)
rElec    .         Reflect  .   (no cloak)
rCorr    .         Harm     .   (gloves unavailable)
MR       .....                  (boots unavailable)
Stlth    +.........             (no amulet)
HPRegen  0.52/turn              (no ring)
MPRegen  0.08/turn              (no ring)

@: no status effects
A: large, unfitting armour, claws 3, fast metabolism 3, gourmand, regeneration
1, shaggy fur 1, tough skin 3
a: Berserk, Trog's Hand, Renounce Religion


You were on level 2 of the Dungeon.
You worshipped Trog.
Trog was pleased with you.
You were not hungry.

You visited 1 branch of the dungeon, and saw 2 of its levels.

You collected 77 gold pieces.

Inventory:

Armour
 a - a +0 animal skin (worn)
Jewellery
 l - an uncursed amulet of the acrobat
Scrolls
 d - a scroll of blinking {unknown}
 g - a scroll of fog {unknown}
 h - 3 scrolls of identify {unknown}
 i - a scroll of remove curse {unknown}
 j - a scroll of random uselessness {unknown}
Potions
 c - a potion of flight {unknown}
 e - 2 potions of curing {unknown}
 f - a potion of lignification {unknown}
 k - a potion of berserk rage {unknown}
Comestibles
 b - 6 rations


   Skills:
 + Level 2.6 Fighting
 + Level 2.8 Dodging
 * Level 3.9 Unarmed Combat


You had 2 spell levels left.
You didn't know any spells.
Your spell library was empty.

Dungeon Overview and Level Annotations

Branches:
Dungeon (2/15)

Altars:


Innate Abilities, Weirdness & Mutations

You are too large for most types of armour.
You have claws for hands.
Your metabolism is lightning-fast.
You like to eat raw meat.
Your natural rate of healing is unusually fast.
You are covered in fur. (AC +1)
You have extremely tough skin. (AC +3)


Message History

You kill the orc!
Trog accepts your kill.
You barely miss the orc. The orc hits you with a +0 whip.
You claw the orc!
You kill the orc!
Trog accepts your kill.
The orc warrior hits you with a +0 trident!
Items here: )) [[[ † You are too injured to fight recklessly!
You are too injured to fight recklessly!
You are too injured to fight recklessly!
You are too injured to fight recklessly!
You are too injured to fight recklessly!
You are too injured to fight recklessly!
You are too injured to fight recklessly!
You are too injured to fight recklessly!
You scratch the orc warrior.
The orc warrior is lightly wounded.
The orc warrior hits you with a +0 trident!
You die...

#.##########
#..)........
#...########
#.#.# #.#.# #.#.#
#.#.#
.############.#.#
.....oo@...$..#.#
.##############


You could see an orc warrior and an orc priest.

Vanquished Creatures
  A dart slug (D:1)
  A leopard gecko (D:1)
  3 orcs (D:2)
  A giant cockroach (D:1)
  5 goblins (D:1)
  3 hobgoblins
  6 jackals (D:1)
  3 kobolds
  5 bats
  3 frilled lizards
  2 rats (D:1)
33 creatures vanquished.

Notes
Turn   | Place    | Note
-------+----------+-------------------------------------------
     0 | D:1      | Elellon the Troll Berserker began the quest for the Orb.
     0 | D:1      | Reached XP level 1. HP: 22/22 MP: 0/0
    78 | D:1      | Reached XP level 2. HP: 28/29 MP: 1/1
   597 | D:1      | Reached XP level 3. HP: 34/36 MP: 2/2
   634 | D:2      | Reached ** piety under Trog
   814 | D:2      | Noticed an orc warrior
   825 | D:2      | Slain by an orc warrior

Levels and vault maps discovered:
D:1:      mainiacjoe_arrival_reflecting_pool, layout_loops_cross
D:2:      layout_basic, first_ration, uniq_sigmund, uniq_robin

Action                   || total
-------------------------++-------
Melee: Unarmed           ||    80
       Punch             ||     1
  Eat: Chunk             ||     6
Armor: Animal skin       ||    31
Dodge: Dodged            ||    46
